 Dungeon Crawl Stone Soup version 0.30.1-11-g7821555f0a (webtiles) character file.

Game seed: 3325703219174095128

436 booth the Cleaver (level 7, -6/63 HPs)
             Began as a Hill Orc Monk on Nov 27, 2023.
             Succumbed to Duvessa's poison
             ... on level 4 of the Dungeon on Nov 29, 2023.
             The game lasted 00:22:47 (4009 turns).

booth the Cleaver (Hill Orc Monk)                   Turns: 4009, Time: 00:22:48

Health: -6/63      AC:  9    Str: 16    XL:     7   Next: 1%
Magic:  7/7        EV: 10    Int: 10    God:
Gold:   265        SH:  3    Dex: 13    Spells: 6/6 levels left

rFire   + . .        a - +0 hand axe
rCold   . . .        v - +0 buckler
rNeg    . . .        q - +1 ring mail {rF+}
rPois   .            f - +1 helmet
rElec   .            (no cloak)
rCorr   .            n - +0 pair of gloves
SInv    .            (no boots)
Will    .....        (no amulet)
Stlth   +            (no ring)
HPRegen 0.30/turn    (no ring)
MPRegen 0.10/turn

%: no passive effects
@: lethally poisoned (-6 -> -41), attractive
A: no striking features
a: no special abilities


You were on level 4 of the Dungeon.
You visited 1 branch of the dungeon, and saw 4 of its levels.

You collected 265 gold pieces.

Inventory:

Hand Weapons
 a - a +0 hand axe (weapon)
 l - a +0 mace
Missiles
 g - 13 poisoned darts (quivered)
Armour
 d - an orb of light
 f - a +1 helmet (worn)
 n - a +0 pair of gloves (worn)
 q - a +1 ring mail of fire resistance (worn)
 v - a +0 buckler (worn)
Jewellery
 y - a ring of ice
Wands
 s - a wand of polymorph (1)
Scrolls
 k - a scroll of teleportation {unknown}
 o - a scroll of immolation
 p - a scroll of blinking {unknown}
Potions
 c - 2 potions of ambrosia
 e - 2 potions of flight
 h - 4 potions of brilliance
 i - a potion of magic
 m - 2 potions of mutation
 r - a potion of resistance
 t - a potion of degeneration {unknown}
 u - a potion of haste {unknown}
 w - 2 potions of attraction
 x - a potion of heal wounds {unknown}


   Skills:
 + Level 6.0 Fighting
 * Level 8.5 Axes
 - Level 2.5 Dodging


You had 6 spell levels left.
You didn't know any spells.
Your spell library contained the following spells:

 Spells                   Type           Power      Damage    Failure   Level
 Kiss of Death            Conj/Necr      0%         2d5       69%         1
 Blink                    Tloc           0%         N/A       83%         2
 Lesser Beckoning         Tloc           0%         N/A       83%         2
 Momentum Strike          Conj/Tloc      0%         3d8       83%         2
 Call Canine Familiar     Summ           0%         N/A       96%         3
 Confusing Touch          Hex            0%         N/A       96%         3
 Portal Projectile        Hex/Tloc       0%         N/A       96%         3
 Dispel Undead            Necr           0%         3d6       100%        4
 Leda's Liquefaction      Hex/Erth       0%         N/A       100%        4


Dungeon Overview and Level Annotations

Branches:
Dungeon (4/15)
 Temple: D:4-7

Altars:

Shops:
D:2 (

Annotations:
D:4 Duvessa


Message History

You throw a poisoned dart. The poisoned dart hits Duvessa.
Duvessa hits you with a +1 short sword of venom!
You are poisoned.
You hit Duvessa.
Duvessa is lightly wounded.
You feel very sick. You block Duvessa's attack.
You hit Duvessa but do no damage.
Duvessa is lightly wounded.
You feel very sick. Duvessa closely misses you.
Duvessa hits you with a +1 short sword of venom!
You slash Duvessa!
Duvessa is lightly wounded.
You feel sick.
Duvessa hits you with a +1 short sword of venom.
You are more poisoned.
You hit Duvessa but do no damage.
Duvessa is lightly wounded.
You feel very sick.
Duvessa hits you with a +1 short sword of venom.
You are lethally poisoned!
Throw: 14 darts (poison)
Press: ? - help, Q - select action, (/) - cycle Shift-Dir - straight line, f/p - Duvessa
Aim: Duvessa, wielding a +1 short sword of venom and wearing a +0 leather armour (lightly wounded, berserk, 64% to hit)
You throw a poisoned dart. The poisoned dart hits Duvessa.
Duvessa is poisoned.
Duvessa is lightly wounded.
* * * LOW HITPOINT WARNING * * *
You feel extremely sick. Duvessa misses you. Duvessa closely misses you.
You slash Duvessa!
Duvessa is moderately wounded.
* * * LOW HITPOINT WARNING * * *
You feel very sick.
Duvessa hits you with a +1 short sword of venom!
* * * LOW HITPOINT WARNING * * *
You are more poisoned.
It was a potion of attraction.
You feel attractive to monsters.
You die...

#.# #.# ####.#######.# #
#...<.....##.# #
#.#######.##.# # #.# #.#
# #.#.########.# #
#.#.S.e......#### #
###.#######.......# #
#.......@eS.......# #
#.#.########......#
#.#....#..........#
#.#....#.<#.......#######
#.#.#>........)..........
#.#.#.......#.###########
#[#.#.......#.#
#.#.#.......#.#
#.#.#######...###


You could see Duvessa (berserk, poisoned) and an adder.

Vanquished Creatures
  An ogre (D:4)
  Blork the orc (D:4)
  Dowan (D:4)
  A howler monkey (D:4)
  Ijyb (D:3)
  Terence (D:3)
  6 adders
  A white imp (D:3)
  3 dart slugs
  2 worms
  5 orcs
  4 endoplasms
  4 giant cockroaches
  12 goblins
  8 hobgoblins
  4 kobolds
  8 quokkas
  5 ball pythons
  4 bats
  2 frilled lizards
  3 rats
77 creatures vanquished.

Notes
Turn   | Place    | Note
-------+----------+-------------------------------------------
     0 | D:1      | booth the Hill Orc Monk began the quest for the Orb.
     0 | D:1      | Reached XP level 1. HP: 19/19 MP: 1/1
   145 | D:1      | Reached XP level 2. HP: 23/27 MP: 2/2
   491 | D:1      | Reached XP level 3. HP: 33/33 MP: 3/3
   515 | D:1      | Reached skill level 5 in Axes
   661 | D:2      | Found Paem's Weapon Shop.
  1231 | D:2      | Reached XP level 4. HP: 40/41 MP: 4/4
  2122 | D:3      | Reached skill level 6 in Axes
  2160 | D:3      | Found a faded altar of an unknown god.
  2160 | D:3      | Noticed Ijyb
  2188 | D:3      | Killed Ijyb
  2222 | D:3      | Reached XP level 5. HP: 45/47 MP: 5/5
  2238 | D:3      | Noticed Terence
  2273 | D:3      | Killed Terence
  2436 | D:3      | Reached skill level 5 in Fighting
  3011 | D:4      | Noticed Dowan
  3034 | D:4      | Killed Dowan
  3035 | D:4      | Reached skill level 7 in Axes
  3035 | D:4      | Reached XP level 6. HP: 45/56 MP: 6/6
  3230 | D:4      | Noticed Blork the orc
  3240 | D:4      | Killed Blork the orc
  3321 | D:4      | Reached skill level 8 in Axes
  3491 | D:4      | HP: 1/57 [ogre/+0 giant spiked club (10)]
  3540 | D:4      | Reached XP level 7. HP: 17/63 MP: 7/7
  3982 | D:4      | Noticed Duvessa
  4008 | D:4      | HP: 1/63 [Duvessa/+1 short sword of venom (8)]
  4009 | D:4      | Succumbed to Duvessa's poison

Illustrated notes

Levels and vault maps discovered:
D:1:      sevenhm_arrival_forest_fort_small_3, layout_rooms
D:2:      layout_basic, serial_shops, nicolae_square_shop, minmay_pentomino_o2
D:3:      layout_basic, ebering_ecumenical_altar_petrified, dk_noncrumbling_3,
          uniq_terence, uniq_ijyb
D:4:      layout_basic, uniq_duvessa, uniq_blork_the_orc

Skill      XL: |  1  2  3  4  5  6 |
---------------+-------------------+-----
Fighting       | 4 5 6 |  6.0
Axes           | 5 6 7 8 |  8.5
Dodging        | |  2.5

Action                     |  1- 3 |  4- 6 |  7- 9 || total
---------------------------+-------+-------+-------++-------
  Melee: Hand axe          |    90 |   162 |    11 ||   263
         Unarmed           |       |    19 |       ||    19
         Punch             |       |     1 |       ||     1
  Throw: Dart              |       |     4 |     2 ||     6
    Use: Scroll            |     3 |     6 |       ||     9
         Potion            |       |     1 |     1 ||     2
 Armour: Robe              |    21 |     6 |       ||    27
         Skin              |       |     2 |       ||     2
         Ring mail         |       |    24 |     3 ||    27
  Dodge: Dodged            |    45 |    78 |     7 ||   130
  Block: Buckler           |       |    10 |     2 ||    12
